 Dungeon Crawl Stone Soup version 0.23.2 (webtiles) character file.

Game seed: 13981491228583004602

3347 Gargoyl the Covered (level 9, 0/74 HPs)
             Began as a Centaur Abyssal Knight on Apr 8, 2019.
             Was a Priest of Lugonu.
             Slain by a jelly (2 damage)
             ... on level 8 of the Dungeon.
             The game lasted 00:17:17 (11143 turns).

Gargoyl the Covered (Centaur Abyssal Knight)       Turns: 11143, Time: 00:17:18

Health: 0/74       AC:  6    Str: 15    XL:     9   Next: 72%
Magic:  13/13      EV:  0    Int: 11    God:    Lugonu [***...]
Gold:   212        SH:  0    Dex: 12    Spells: 8/8 levels left

rFire    . . .     SeeInvis .   a - +2 hand axe
rCold    . . .     Gourm    .   (no shield)
rNeg     . . .     Faith    .   e - +3 crystal plate armour
rPois    .         Spirit   .   (no helmet)
rElec    .         Reflect  .   (no cloak)
rCorr    .         Harm     .   p - +0 pair of gloves
MR       .....                  (no barding)
Stlth    ..........             j - amulet of magic regeneration
HPRegen  0.22/turn              (no ring)
MPRegen  0.38/turn              (no ring)

@: corroded, very quick
A: large, hooves 3, deformed body, speed 2, tough skin 3
a: Depart the Abyss, Bend Space, Banish, Renounce Religion


You were on level 8 of the Dungeon.
You worshipped Lugonu.
Lugonu was most pleased with you.
You were not hungry.

You visited 1 branch of the dungeon, and saw 8 of its levels.
You visited the Abyss 1 time.

You collected 454 gold pieces.
You spent 242 gold pieces at shops.

Inventory:

Hand Weapons
 a - a +2 hand axe (weapon)
Missiles
 x - 6 tomahawks (quivered)
Armour
 d - the +2 leather armour "Hugga" {rPois}
   (You found it on level 2 of the Abyss)

   It protects you from poison.
 e - a +3 crystal plate armour (worn)
 p - a +0 pair of gloves (worn)
Jewellery
 j - an amulet of magic regeneration (around neck)
Scrolls
 f - a scroll of identify
 m - 2 scrolls of teleportation
 n - 5 scrolls of remove curse
 o - 2 scrolls of magic mapping
 s - a scroll of amnesia
Potions
 b - 3 potions of mutation {unknown}
 g - a potion of curing
 h - 3 potions of heal wounds
 k - 2 potions of haste
 l - 4 potions of ambrosia {unknown}
 q - 3 potions of might {unknown}
 r - 2 potions of degeneration {unknown}
 t - 2 potions of brilliance {unknown}
 v - a potion of flight {unknown}
Comestibles
 c - 9 rations


   Skills:
 + Level 5.3 Fighting
 + Level 6.3 Axes
 * Level 6.4 Armour
 * Level 4.0 Dodging
 * Level 6.2 Invocations


You had 8 spell levels left.
You didn't know any spells.
Your spell library contained the following spells:

 Spells                   Type           Power        Failure   Level  Hunger
 Confusing Touch          Hex            #.....       100%        1    ##.....
 Flame Tongue             Conj/Fire      #....        100%        1    ##.....
 Magic Dart               Conj           #...         100%        1    ##.....
 Summon Small Mammal      Summ           #...         100%        1    ##.....
 Call Imp                 Summ           #.......     100%        2    ###....
 Searing Ray              Conj           #.....       100%        2    ###....
 Throw Flame              Conj/Fire      #.....       100%        2    ###....
 Call Canine Familiar     Summ           #.......     100%        3    ####...
 Confuse                  Hex            #.......     100%        3    ####...
 Conjure Flame            Conj/Fire      #.......     100%        3    ####...
 Dazzling Spray           Conj/Hex       #.....       100%        3    ####...
 Gell's Gravitas          Tloc           #.........   100%        3    ####...
 Inner Flame              Hex/Fire       #.......     100%        3    ####...
 Summon Guardian Golem    Hex/Summ       #.......     100%        3    ####...
 Force Lance              Conj/Tloc      #.......     100%        4    #####..
 Fulminant Prism          Conj/Hex       #.........   100%        4    #####..
 Iskenderun's Mystic Bla  Conj           #.......     100%        4    #####..
 Petrify                  Tmut/Erth      #.......     100%        4    #####..
 Sticky Flame             Conj/Fire      #.......     100%        4    #####..
 Summon Ice Beast         Ice/Summ       #.......     100%        4    #####..
 Summon Lightning Spire   Summ/Air       #.......     100%        4    #####..
 Fireball                 Conj/Fire      #.........   100%        5    ######.
 Metabolic Englaciation   Hex/Ice        #.........   100%        5    ######.
 Yara's Violent Unravell  Hex/Tmut       #.........   100%        5    ######.


Dungeon Overview and Level Annotations

Branches:
Dungeon (8/15)             Temple (0/1) D:5
   Lair: D:8-11

Altars:
Ashenzari
Cheibriados
Elyvilon
Fedhas
Kikubaaqudgha
Nemelex Xobeh
Okawaru
Qazlal
Trog
Wu Jian
Xom
Zin

Shops:
D:4 %%?!


Innate Abilities, Weirdness & Mutations

You have hooves in place of feet.
Armour fits poorly on your strangely shaped body.
You cover ground very quickly.
You have extremely tough skin. (AC +3)


Message History

You hit the jelly but do no damage. The acid corrodes you!
Your hands burn!
The ogre hits you but does no damage. The jelly hits you but does no damage.
You hit the ogre but do no damage.
The ogre is severely wounded.
You hit the jelly but do no damage.
Your hands burn!
The jelly hits you. The acid corrodes you!
You are splashed with acid!
The ogre hits you with a +0 giant club!!
You closely miss the ogre.
The ogre is severely wounded.
You hit the jelly.
Your hands burn!
* * * LOW HITPOINT WARNING * * *
The jelly hits you but does no damage. The ogre hits you with a +0 giant club!
* * * LOW HITPOINT WARNING * * *
Your crystal plate armour prevents you from hitting the ogre.
You kick the ogre, but do no damage.
The ogre is severely wounded.
You hit the jelly but do no damage.
Your hands burn!
* * * LOW HITPOINT WARNING * * *
The jelly hits you.
You die...

......... # ..<....## .#
#.......##.#
###......(....# .....
#..............#
......##..........#...#
#...............O..#...#
#.............[.@J......
..........###..........#
..........####.........#
...........#.....#....!.
................###.....
................##......
......).................
...#...........#.##.....
...##..........### ...


You could see an ogre and a jelly.

Vanquished Creatures
  Harold (D:6)
  A manticore (D:6)
  A yak (D:6)
  A sky beast (D:7)
  An orc warrior (D:6)
  An ice beast (D:6)
  3 phantoms
  A necrophage (D:7)
  4 ogres
  A bullfrog (D:5)
  5 scorpions
  2 crimson imps
  A bullfrog skeleton (D:5)
  An orc priest (D:7)
  2 hounds
  3 orc wizards
  A centaur skeleton (D:7)
  3 iguanas
  Terence (D:2)
  7 worker ants
  A killer bee zombie (D:7)
  A hound skeleton (D:5)
  A howler monkey zombie (D:8)
  2 gnolls
  A worker ant zombie (D:7)
  13 adders
  An ooze (D:1)
  An adder zombie (D:5)
  2 worms
  A dart slug (D:2)
  2 leopard geckos
  16 orcs
  6 bats
  5 goblins
  6 hobgoblins
  11 jackals
  4 quokkas
  6 frilled lizards
  A jackal skeleton (D:6)
  A jackal zombie (D:5)
  3 kobolds
  A leopard gecko skeleton (D:6)
  5 rats
132 creatures vanquished.

Vanquished Creatures (others)
  An orc wizard (D:5)
  A worker ant (D:5)
  A ball python skeleton (D:5)
3 creatures vanquished.

Grand Total: 135 creatures vanquished

Notes
Turn   | Place    | Note
-------+----------+-------------------------------------------
     0 | Abyss:1  | Gargoyl the Centaur Abyssal Knight began the quest for the
                  | Orb.
     0 | Abyss:1  | Reached XP level 1. HP: 19/19 MP: 2/2
    14 | Abyss:2  | Got a smoking leather armour
    25 | Abyss:2  | Identified the +2 leather armour "Hugga" {rPois} (You found
                  | it on level 2 of the Abyss)
    54 | Abyss:2  | Noticed a thrashing horror
    55 | Abyss:2  | Noticed a spatial vortex
    55 | Abyss:2  | Noticed an apocalypse crab
    56 | D:1      | Escaped the Abyss
   646 | D:1      | Reached XP level 2. HP: 26/26 MP: 3/3
   926 | D:2      | Found a white marble altar of Elyvilon.
   952 | D:2      | Reached skill level 1 in Dodging
   952 | D:2      | Reached XP level 3. HP: 21/31 MP: 4/4
  1314 | D:2      | Reached * piety under Lugonu
  1357 | D:2      | Found a stormy altar of Qazlal.
  1598 | D:2      | Noticed Terence
  1759 | D:1      | Reached XP level 4. HP: 37/38 MP: 5/5
  1770 | D:2      | Killed Terence
  2293 | D:3      | Reached XP level 5. HP: 13/45 MP: 7/7
  3274 | D:3      | Found a glowing silver altar of Zin.
  3274 | D:3      | Found a bloodstained altar of Trog.
  3481 | D:4      | Found a snail-covered altar of Cheibriados.
  3502 | D:4      | Found Doph's Distillery.
  3509 | D:4      | Bought a potion of lignification for 39 gold pieces
  3509 | D:4      | Bought a potion of lignification for 39 gold pieces
  3523 | D:4      | Found Feuttael's Magic Scroll Shop.
  3527 | D:4      | Bought a scroll of enchant armour for 82 gold pieces
  4140 | D:4      | Found Gilets's Food Boutique.
  4341 | D:4      | Reached XP level 6. HP: 33/51 MP: 8/8
  4998 | D:4      | Reached XP level 7. HP: 34/58 MP: 9/9
  5217 | D:4      | Reached ** piety under Lugonu
  5267 | D:4      | Found Feukh's Food Emporium.
  5580 | D:5      | Entered Level 5 of the Dungeon
  6335 | D:5      | Found a shimmering altar of Xom.
  7066 | D:5      | Found a staircase to the Ecumenical Temple.
  7476 | D:6      | Found an ancient bone altar of Kikubaaqudgha.
  7526 | D:6      | Reached XP level 8. HP: 21/66 MP: 11/11
  8418 | D:6      | Found a blossoming altar of Fedhas.
  8558 | D:6      | Found a sparkling altar of Nemelex Xobeh.
  8558 | D:6      | Found a transporter.
  8559 | D:6      | Noticed a manticore
  8581 | D:6      | Killed a manticore
  8581 | D:6      | Reached skill level 5 in Axes
  8581 | D:6      | Reached skill level 5 in Armour
  8581 | D:6      | Reached skill level 5 in Invocations
  9025 | D:6      | Found a shattered altar of Ashenzari.
  9090 | D:6      | Found an ornate altar of the Wu Jian Council.
  9287 | D:7      | Found an iron altar of Okawaru.
  9332 | D:7      | Reached XP level 9. HP: 29/72 MP: 13/13
  9896 | D:4      | Bought a scroll of enchant weapon for 82 gold pieces
 10605 | D:8      | Reached skill level 5 in Fighting
 10643 | D:8      | Noticed Harold
 10848 | D:7      | Reached *** piety under Lugonu
 10937 | D:6      | Killed Harold
 11143 | D:8      | HP: 2/74 [acid (3)]
 11143 | D:8      | Slain by a jelly

Skill      XL: |  1  2  3  4  5  6  7  8  9 |
---------------+----------------------------+-----
Axes           | 2 3 4 5 6 |  6.3
Dodging        | 1 2 3 4 |  4.0
Armour         | 2 3 4 5 6 |  6.4
Invocations    | 3 4 5 6 |  6.2
Fighting       | 4 5 |  5.3

Action                   |  1- 3 |  4- 6 |  7- 9 || total
-------------------------+-------+-------+-------++-------
Melee: Hand axe          |    90 |   221 |   468 ||   779
       Kick              |     8 |    39 |   100 ||   147
Invok: Depart the Abyss  |     1 |       |       ||     1
       Bend Space        |       |       |     1 ||     1
Evoke: Wand              |       |       |    10 ||    10
  Use: Scroll            |    10 |     4 |     5 ||    19
       Potion            |       |       |     8 ||     8
  Eat: Chunk             |     1 |     7 |    10 ||    18
       Ration            |       |     1 |     2 ||     3
Armor: Leather armour    |    41 |     5 |       ||    46
       Crystal plate arm |       |   213 |   434 ||   647
       Skin              |       |       |    71 ||    71
Dodge: Dodged            |    50 |    10 |    24 ||    84
